| TOP OF THE 1ST |
|
West Virginia Power batting - Pitching for Lakewood BlueClaws : RHP Josh Howell
|
|
Pitching: RHP Josh Howell
|
|
|
Batting: RHB Terrence Wilson
|
0-0: Swinging Strike 0-1: Foul Ball, location: 2F 0-2: Foul Ball, location: 2F 0-2: Ball 1-2: Ball 2-2: DOUBLE (Flyball, 9LD, EV 99.4 MPH)
|
|
Batting: RHB Brandon White
|
0-0: Called Strike 0-1: Fly out, F8 (Line Drive, 8LM, EV 86.9 MPH)
|
|
Batting: RHB Alain Marquet
|
0-0: Ball 1-0: Called Strike 1-1: Called Strike 1-2: Foul Ball, location: 2F 1-2: Foul Ball, location: 2F 1-2: Foul Ball, location: 2F 1-2: TRIPLE (Flyball, 89XD, EV 94.4 MPH) Terrence Wilson scores
|
|
Batting: LHB Gregg Kellerman
|
0-0: Ball 1-0: Called Strike 1-1: Ball 2-1: Ground out U3 (Groundball, 3S, EV 86.2 MPH)
|
|
Batting: RHB Dave Fredericks
|
0-0: Ball 1-0: Ground out 6-3 (Groundball, 6MS, EV 70.6 MPH)
|
| Top of the 1st over - 1 run, 2 hits, 0 errors, 1 left on base; West Virginia 1 - Lakewood 0 |
| BOTTOM OF THE 1ST |
|
Lakewood BlueClaws batting - Pitching for West Virginia Power : LHP Grady Hebert
|
|
Pitching: LHP Grady Hebert
|
|
|
Batting: LHB Matt Urbanek
|
0-0: Foul Ball, location: 2F 0-1: Foul Ball, location: 2F 0-2: Foul Ball, location: 2F 0-2: Ball 1-2: Strikes out swinging
|
|
Batting: RHB Vaclav Been
|
0-0: Ball 1-0: Ball 2-0: Called Strike 2-1: Ball 3-1: Called Strike 3-2: Base on Balls
|
|
Batting: RHB Mike Bell
|
0-0: Called Strike 0-1: Swinging Strike 0-2: Fielders Choice at 2nd, 6-4 (Groundball, 6, EV 86.9 MPH)
|
|
Batting: RHB Victor Arias
|
0-0: Foul Ball, location: 2F 0-1: Ball 1-1: Foul Ball, location: 2F 1-2: Ball 2-2: Foul Ball, location: 2F 2-2: Foul Ball, location: 2F 2-2: Ground out 4-3 (Groundball, 34, EV 97.5 MPH)
|
| Bottom of the 1st over - 0 runs, 0 hits, 0 errors, 1 left on base; West Virginia 1 - Lakewood 0 |
| TOP OF THE 2ND |
|
West Virginia Power batting - Pitching for Lakewood BlueClaws : RHP Josh Howell
|
|
Batting: RHB Tim Moore
|
0-0: Called Strike 0-1: Ball 1-1: Foul Ball, location: 2F 1-2: Strikes out swinging
|
|
Batting: RHB Chris Beckham
|
0-0: Ball 1-0: Ball 2-0: Ball 3-0: Base on Balls
|
|
Batting: RHB Perry Dominey
|
0-0: Ball 1-0: Called Strike 1-1: Ball 2-1: Fly out, F8 (Flyball, 8RD, EV 104.4 MPH)
|
|
Batting: RHB Bob Raine
|
0-0: Ball 1-0: Swinging Strike 1-1: Foul Ball, location: 2F 1-2: Ground out 6-3 (Groundball, P, EV 85.0 MPH)
|
| Top of the 2nd over - 0 runs, 0 hits, 0 errors, 1 left on base; West Virginia 1 - Lakewood 0 |
| BOTTOM OF THE 2ND |
|
Lakewood BlueClaws batting - Pitching for West Virginia Power : LHP Grady Hebert
|
|
Batting: SHB Steve DeRienzo
|
0-0: Swinging Strike 0-1: Ball 1-1: Foul Ball, location: 2F 1-2: Foul Ball, location: 2F 1-2: Foul Ball, location: 2F 1-2: Strikes out swinging
|
|
Batting: RHB Trent Hedrick
|
0-0: Ball 1-0: Called Strike 1-1: SINGLE (Line Drive, 34D, EV 94.4 MPH)
|
|
Batting: LHB Eric Farren
|
0-0: Ball Trent Hedrick steals 2nd, throwing error, E2 Trent Hedrick to third 1-0: Ball 2-0: Swinging Strike 2-1: Ball 3-1: Called Strike 3-2: Strikes out swinging
|
|
Batting: RHB Bryan Alfaro
|
0-0: Ball 1-0: Ball 2-0: Called Strike 2-1: Ball 3-1: Foul Ball, location: 2F 3-2: Base on Balls
|
|
Batting: RHB Cory Bonham
|
0-0: Foul Ball, location: 2F 0-1: Ball 1-1: Fly out, F7 (Flyball, 7LD, EV 95.6 MPH)
|
| Bottom of the 2nd over - 0 runs, 1 hit, 1 error, 2 left on base; West Virginia 1 - Lakewood 0 |
| TOP OF THE 3RD |
|
West Virginia Power batting - Pitching for Lakewood BlueClaws : RHP Josh Howell
|
|
Batting: RHB Terrence Wilson
|
0-0: Called Strike 0-1: Ball 1-1: Swinging Strike 1-2: Fly out, F6 (Line Drive, 6, EV 70.0 MPH)
|
|
Batting: RHB Brandon White
|
0-0: Ball 1-0: Fly out, F9 (Flyball, 9D, EV 99.4 MPH)
|
|
Batting: RHB Alain Marquet
|
0-0: Called Strike 0-1: Fly out, F4 (Line Drive, 34D, EV 74.4 MPH)
|
| Top of the 3rd over - 0 runs, 0 hits, 0 errors, 0 left on base; West Virginia 1 - Lakewood 0 |
| BOTTOM OF THE 3RD |
|
Lakewood BlueClaws batting - Pitching for West Virginia Power : LHP Grady Hebert
|
|
Batting: LHB Matt Urbanek
|
0-0: Called Strike 0-1: Foul Ball, location: 2F 0-2: Ball 1-2: Ball 2-2: Strikes out looking
|
|
Batting: RHB Vaclav Been
|
0-0: Called Strike 0-1: Ball 1-1: Ball 2-1: Swinging Strike 2-2: Foul Ball, location: 2F 2-2: SOLO HOME RUN (Flyball, 7D, EV 92.5 MPH), Distance : 359 ft
|
|
Batting: RHB Mike Bell
|
0-0: Ball 1-0: Swinging Strike 1-1: Ball 2-1: Called Strike 2-2: Ball 3-2: Base on Balls
|
|
Batting: RHB Victor Arias
|
0-0: Called Strike 0-1: Foul Ball, location: 2F 0-2: Foul Ball, location: 2F 0-2: Foul Ball, location: 2F 0-2: Foul Ball, location: 2F 0-2: Strikes out looking
|
|
Batting: SHB Steve DeRienzo
|
0-0: Called Strike 0-1: Ball 1-1: Ball 2-1: Swinging Strike 2-2: Strikes out looking
|
| Bottom of the 3rd over - 1 run, 1 hit, 0 errors, 1 left on base; West Virginia 1 - Lakewood 1 |
| TOP OF THE 4TH |
|
West Virginia Power batting - Pitching for Lakewood BlueClaws : RHP Josh Howell
|
|
Batting: LHB Gregg Kellerman
|
0-0: Fly out, F8 (Flyball, 8LD, EV 98.8 MPH)
|
|
Batting: RHB Dave Fredericks
|
0-0: SINGLE (Flyball, 89S, EV 101.2 MPH)
|
|
Batting: RHB Tim Moore
|
0-0: Ball 1-0: Ball 2-0: Called Strike Dave Fredericks steals 2nd base 2-1: Called Strike 2-2: Foul Ball, location: 2F 2-2: Ball 3-2: Fly out, F9 (Flyball, 9D, EV 100.6 MPH) Runner from 2nd tags up, SAFE at 3rd, no throw by RF
|
|
Batting: RHB Chris Beckham
|
0-0: Ground out 5-3 (Groundball, 5S, EV 73.8 MPH)
|
| Top of the 4th over - 0 runs, 1 hit, 0 errors, 1 left on base; West Virginia 1 - Lakewood 1 |
| BOTTOM OF THE 4TH |
|
Lakewood BlueClaws batting - Pitching for West Virginia Power : LHP Grady Hebert
|
|
Batting: RHB Trent Hedrick
|
0-0: Ball 1-0: Ground out 4-3 (Groundball, 4, EV 88.8 MPH)
|
|
Batting: LHB Eric Farren
|
0-0: Called Strike 0-1: SINGLE (Flyball, 34D, EV 83.1 MPH)
|
|
Batting: RHB Bryan Alfaro
|
0-0: Called Strike 0-1: Swinging Strike 0-2: Foul Ball, location: 2F 0-2: SINGLE (Groundball, 4MD, EV 97.5 MPH) Eric Farren to second
|
|
Batting: RHB Cory Bonham
|
0-0: Fielders Choice at 2nd, 4-6 (Groundball, 34, EV 103.1 MPH) Eric Farren to third
|
|
Batting: LHB Matt Urbanek
|
0-0: Ball Passed Ball! Eric Farren scores Cory Bonham to second 1-0: SINGLE (Groundball, 6MS, EV 69.4 MPH) (infield hit) Cory Bonham to third
|
|
Batting: RHB Vaclav Been
|
0-0: Ball 1-0: Ball 2-0: Foul Ball, location: 2F 2-1: Swinging Strike 2-2: Strikes out swinging
|
| Bottom of the 4th over - 1 run, 3 hits, 0 errors, 2 left on base; West Virginia 1 - Lakewood 2 |
| TOP OF THE 5TH |
|
West Virginia Power batting - Pitching for Lakewood BlueClaws : RHP Josh Howell
|
|
Batting: RHB Perry Dominey
|
0-0: SINGLE (Flyball, 56D, EV 88.8 MPH)
|
|
Batting: RHB Bob Raine
|
0-0: Ball Perry Dominey steals 2nd, throwing error, E2 Perry Dominey to third 1-0: Swinging Strike 1-1: Swinging Strike 1-2: Ball 2-2: Ball 3-2: Reached on error, E5 (Groundball, 56, EV 83.1 MPH) Perry Dominey scores
|
|
Batting: RHB Terrence Wilson
|
0-0: Ball 1-0: Ball 2-0: Called Strike 2-1: Ground out 5-3 (Groundball, 56S, EV 87.5 MPH)
|
|
Batting: RHB Brandon White
|
0-0: Ball 1-0: Ground out 5-3 (Groundball, 56S, EV 84.4 MPH)
|
|
Batting: RHB Alain Marquet
|
0-0: Swinging Strike 0-1: SINGLE (Groundball, 56, EV 105.6 MPH) Bob Raine to third
|
|
Batting: LHB Gregg Kellerman
|
0-0: Ball 1-0: Foul Ball, location: 2F 1-1: Ball 2-1: Ground out 4-3 (Groundball, 34, EV 86.9 MPH)
|
| Top of the 5th over - 1 run, 2 hits, 2 errors, 2 left on base; West Virginia 2 - Lakewood 2 |
| BOTTOM OF THE 5TH |
|
Lakewood BlueClaws batting - Pitching for West Virginia Power : LHP Grady Hebert
|
|
Batting: RHB Mike Bell
|
0-0: Called Strike 0-1: Swinging Strike 0-2: Foul Ball, location: 2F 0-2: Ball 1-2: Ball 2-2: Foul Ball, location: 2F 2-2: Fly out, F8 (Flyball, 89D, EV 81.2 MPH)
|
|
Batting: RHB Victor Arias
|
0-0: Ball 1-0: Ball 2-0: Called Strike 2-1: SINGLE (Flyball, 56D, EV 90.0 MPH)
|
|
Batting: SHB Steve DeRienzo
|
0-0: Called Strike 0-1: Ball 1-1: Ball 2-1: Ball 3-1: Base on Balls Victor Arias to second
|
|
Batting: RHB Trent Hedrick
|
0-0: Ball 1-0: Foul Ball, location: 2F 1-1: Foul Ball, location: 2F 1-2: SINGLE (Groundball, 4MD, EV 109.4 MPH) Victor Arias to third Steve DeRienzo to second Runner from 3rd tries for Home, SAFE, throw by CF to home
|
|
Pitching: RHP R.J. Barr
|
|
|
Batting: LHB Eric Farren
|
0-0: Called Strike Steve DeRienzo steals 3rd base Trent Hedrick to second 0-1: Ball 1-1: Swinging Strike 1-2: Strikes out swinging
|
|
Batting: RHB Bryan Alfaro
|
0-0: Foul Ball, location: 2F 0-1: Swinging Strike 0-2: Ball 1-2: Foul Ball, location: 2F 1-2: Fly out, F3 (Line Drive, 34, EV 67.5 MPH)
|
| Bottom of the 5th over - 1 run, 2 hits, 0 errors, 2 left on base; West Virginia 2 - Lakewood 3 |
| TOP OF THE 6TH |
|
West Virginia Power batting - Pitching for Lakewood BlueClaws : RHP Josh Howell
|
|
Batting: RHB Dave Fredericks
|
0-0: Ground out 6-3 (Groundball, 6MD, EV 86.2 MPH)
|
|
Batting: RHB Tim Moore
|
0-0: SINGLE (Groundball, 6D, EV 96.2 MPH)
|
|
Batting: RHB Chris Beckham
|
0-0: Grounds into double play, 3-6-3 (Groundball, 3S, EV 85.0 MPH)
|
| Top of the 6th over - 0 runs, 1 hit, 0 errors, 0 left on base; West Virginia 2 - Lakewood 3 |
| BOTTOM OF THE 6TH |
|
Lakewood BlueClaws batting - Pitching for West Virginia Power : RHP R.J. Barr
|
|
Batting: RHB Cory Bonham
|
0-0: Ball 1-0: Ball 2-0: Foul Ball, location: 2F 2-1: Swinging Strike 2-2: Strikes out looking
|
|
Batting: LHB Matt Urbanek
|
0-0: Swinging Strike 0-1: Called Strike 0-2: SINGLE (Line Drive, 6M, EV 96.9 MPH)
|
|
Batting: RHB Vaclav Been
|
0-0: Ball Matt Urbanek is caught stealing 2nd base 2-4 1-0: DOUBLE (Flyball, 78D, EV 91.9 MPH)
|
|
Batting: RHB Mike Bell
|
0-0: Called Strike 0-1: Ball Passed Ball! Vaclav Been to third 1-1: Ground out 5-3 (Groundball, 56, EV 80.6 MPH)
|
| Bottom of the 6th over - 0 runs, 2 hits, 0 errors, 1 left on base; West Virginia 2 - Lakewood 3 |
| TOP OF THE 7TH |
|
West Virginia Power batting - Pitching for Lakewood BlueClaws : RHP Josh Howell
|
|
Batting: RHB Perry Dominey
|
0-0: Ball 1-0: Swinging Strike 1-1: Ball 2-1: SINGLE (Groundball, 15S, EV 70.0 MPH) (infield hit)
|
|
Batting: RHB Bob Raine
|
0-0: Reached on error, E5 (Groundball, 56, EV 105.0 MPH) Perry Dominey to second
|
|
Batting: RHB Terrence Wilson
|
0-0: Bunted foul 0-1: Bunt missed! 0-2: Ball 1-2: Fielders Choice at 2nd, 6-4 (Groundball, 56D, EV 100.0 MPH) Perry Dominey to third
|
|
Pitching: RHP Andrew Giles
|
|
|
Batting: RHB Brandon White
|
0-0: Ball Terrence Wilson is caught stealing 2nd base 2-4 1-0: Fly out, F7 (Flyball, 7, EV 85.6 MPH)
|
| Top of the 7th over - 0 runs, 1 hit, 1 error, 1 left on base; West Virginia 2 - Lakewood 3 |
| BOTTOM OF THE 7TH |
|
Lakewood BlueClaws batting - Pitching for West Virginia Power : RHP R.J. Barr
|
|
Batting: RHB Victor Arias
|
0-0: Called Strike 0-1: Ball 1-1: Ball 2-1: Ball 3-1: DOUBLE (Groundball, 5L, EV 106.9 MPH)
|
|
Batting: SHB Steve DeRienzo
|
0-0: Swinging Strike 0-1: Called Strike 0-2: Ball 1-2: Ball 2-2: Strikes out swinging
|
|
Batting: RHB Trent Hedrick
|
0-0: Ball 1-0: Swinging Strike 1-1: Ball 2-1: SINGLE (Groundball, 6D, EV 96.2 MPH) Victor Arias to third
|
|
Batting: LHB Eric Farren
|
0-0: Called Strike 0-1: Ball 1-1: Ball 2-1: Foul Ball, location: 2F 2-2: Ball 3-2: Foul Ball, location: 2F 3-2: Base on Balls Trent Hedrick to second
|
|
Batting: RHB Bryan Alfaro
|
0-0: Foul Ball, location: 2F 0-1: Ball 1-1: Swinging Strike 1-2: Ball 2-2: Ball 3-2: Base on Balls Victor Arias scores Trent Hedrick to third Eric Farren to second
|
|
Pitching: RHP Mike West
|
|
|
Batting: RHB Cory Bonham
|
0-0: Ball 1-0: Called Strike 1-1: Ball 2-1: Foul Ball, location: 2F 2-2: Foul Ball, location: 2F 2-2: Strikes out swinging
|
|
Batting: LHB Matt Urbanek
|
0-0: Ball 1-0: Swinging Strike 1-1: Called Strike 1-2: Ball 2-2: Strikes out swinging
|
| Bottom of the 7th over - 1 run, 2 hits, 0 errors, 3 left on base; West Virginia 2 - Lakewood 4 |
| TOP OF THE 8TH |
|
West Virginia Power batting - Pitching for Lakewood BlueClaws : RHP Andrew Giles
|
|
Batting: RHB Alain Marquet
|
0-0: Called Strike 0-1: Ball 1-1: Foul Ball, location: 2F 1-2: Ball 2-2: Strikes out looking
|
|
Batting: LHB Gregg Kellerman
|
0-0: Ball 1-0: Ball 2-0: Swinging Strike 2-1: SOLO HOME RUN (Flyball, 9LD, EV 94.4 MPH), Distance : 346 ft
|
|
Batting: RHB Dave Fredericks
|
0-0: Ball 1-0: Ball 2-0: Foul Ball, location: 2F 2-1: Ball 3-1: Called Strike 3-2: Foul Ball, location: 2F 3-2: Foul Ball, location: 2F 3-2: Ground out 5-3 (Groundball, 5L, EV 81.2 MPH)
|
|
Batting: RHB Tim Moore
|
0-0: Ball 1-0: Ball 2-0: Hit by Pitch
|
|
Batting: RHB Chris Beckham
|
0-0: Ball 1-0: Called Strike 1-1: Called Strike 1-2: SINGLE (Line Drive, 89S, EV 93.8 MPH) Tim Moore to second Runner from 2nd tries for 3rd, SAFE, throw by RF made to third
|
|
Batting: RHB Perry Dominey
|
0-0: Swinging Strike 0-1: Called Strike 0-2: Ball 1-2: Strikes out swinging
|
| Top of the 8th over - 1 run, 2 hits, 0 errors, 2 left on base; West Virginia 3 - Lakewood 4 |
| BOTTOM OF THE 8TH |
|
Lakewood BlueClaws batting - Pitching for West Virginia Power : RHP Mike West
|
|
Batting: RHB Vaclav Been
|
0-0: Foul Ball, location: 2F 0-1: Foul Ball, location: 2F 0-2: Foul Ball, location: 2F 0-2: Ball 1-2: Ball 2-2: Strikes out looking
|
|
Batting: RHB Mike Bell
|
0-0: Called Strike 0-1: Foul Ball, location: 2F 0-2: SINGLE (Groundball, 5S, EV 66.2 MPH) (infield hit)
|
|
Batting: RHB Victor Arias
|
0-0: Ball 1-0: Called Strike 1-1: Ball 2-1: Ball 3-1: Fly out, F7 (Flyball, 7LS, EV 95.6 MPH)
|
|
Batting: SHB Steve DeRienzo
|
0-0: Fly out, F9 (Line Drive, 9, EV 103.1 MPH)
|
| Bottom of the 8th over - 0 runs, 1 hit, 0 errors, 1 left on base; West Virginia 3 - Lakewood 4 |
| TOP OF THE 9TH |
|
West Virginia Power batting - Pitching for Lakewood BlueClaws : RHP Andrew Giles
|
|
Pitching: RHP Shamar Hansford
|
|
|
Batting: RHB Bob Raine
|
0-0: Ball 1-0: SINGLE (Line Drive, 7LD, EV 101.2 MPH)
|
|
Batting: RHB Terrence Wilson
|
0-0: Bunted foul 0-1: Bunted foul 0-2: SINGLE (Groundball, 4MD, EV 100.6 MPH) Bob Raine to second
|
|
Pinch Runner at 2nd John DeVillier:
|
|
|
Batting: RHB Brandon White
|
0-0: Bunt missed! 0-1: Bunted foul 0-2: Fielders Choice at 2nd, 6-4 (Groundball, 6, EV 85.0 MPH) John DeVillier to third
|
|
Batting: RHB Alain Marquet
|
0-0: Called Strike 0-1: Ball 1-1: Swinging Strike 1-2: Strikes out swinging
|
|
Batting: LHB Gregg Kellerman
|
0-0: Ball 1-0: Ball 2-0: Called Strike 2-1: Fielders Choice at 2nd, U6 (Groundball, 6M, EV 91.9 MPH)
|
| Top of the 9th over - 0 runs, 2 hits, 0 errors, 2 left on base; West Virginia 3 - Lakewood 4 |
|